 Dungeon Crawl Stone Soup version 0.26-a0-712-ga5a9c9c9d0 (webtiles) character file.

Game seed: 13936863044064380714

37 Descartes the Covert (level 3, 0/17 HPs)
             Began as a Felid Delver on Oct 31, 2020.
             Slain by a leopard gecko (5 damage)
             ... on level 3 of the Dungeon.
             The game lasted 00:02:07 (560 turns).

Descartes the Covert (Felid Delver)                  Turns: 560, Time: 00:02:08

Health: 0/17       AC:  1    Str:  9    XL:     3   Next: 23%
Magic:  4/4        EV: 18    Int: 11    God:
Gold:   59         SH:  0    Dex: 17    Spells: 1/2 levels left
                                        Lives:  0   Deaths: 0

rFire    . . .     SeeInvis +     - Unarmed
rCold    . . .     Faith    .   (shield unavailable)
rNeg     . . .     Spirit   .   (armour unavailable)
rPois    .         Reflect  .   (helmet unavailable)
rElec    .         Harm     .   (cloak unavailable)
rCorr    .         Rampage  .   (gloves unavailable)
MR       .....                  (boots unavailable)
Stlth    ++++......             (no amulet)
HPRegen  0.05/turn              (no ring)
MPRegen  0.09/turn              (no ring)

@: hasted, very quick
A: very small, no armour, no weapons or thrown items, stealth, claws 1, fangs 3,
see invisible, speed 1, shaggy fur 1, sharp paws
a: no special abilities


You were on level 3 of the Dungeon.
You visited 1 branch of the dungeon, and saw 3 of its levels.

You collected 59 gold pieces.

Inventory:

Jewellery
 g - an uncursed ring of fire {unknown}
Wands
 e - a wand of digging (3)
Scrolls
 a - a scroll of fog
 b - 2 scrolls of magic mapping
 c - a scroll of fear
 f - 2 scrolls of remove curse {unknown}


   Skills:
 - Level 3.0 Fighting
 + Level 2.7 Dodging
 + Level 8.0 Stealth
 + Level 2.0 Unarmed Combat


You had one spell level left.
You knew the following spells:

 Your Spells              Type           Power        Failure   Level
a - Corona                Hex            #......      34%         1

Your spell library contained the following spells:

 Spells                   Type           Power        Failure   Level
 Animate Skeleton         Necr           #.....       34%         1
 Apportation              Tloc           #.....       34%         1
 Summon Small Mammal      Summ           #...         34%         1


Dungeon Overview and Level Annotations

Branches:
Dungeon (5/15)
 Temple: D:4-7

Altars:
Gozag

Annotations:
D:3 Grinder


Innate Abilities, Weirdness & Mutations

You cannot wear armour.
You are incapable of wielding weapons or throwing items.
Your paws allow you to move quietly. (Stealth)
You have sharp claws.
You have razor-sharp teeth.
You have supernaturally acute eyesight. (SInv)
You cover ground quickly.
You are covered in fur. (AC +1)
Your sharp claws are effective at attacking unaware monsters.


Message History

You scratch the leopard gecko but do no damage.
The leopard gecko is severely wounded.
The leopard gecko barely misses you.
You scratch the leopard gecko but do no damage.
The leopard gecko is severely wounded.
The leopard gecko misses you. The leopard gecko bites you.
You miss the leopard gecko.
The leopard gecko is severely wounded.
The leopard gecko bites you.
* * * LOW HITPOINT WARNING * * *
You feel yourself speed up. The leopard gecko misses you.
You completely miss the leopard gecko.
The leopard gecko is severely wounded.
The leopard gecko barely misses you.
You scratch the leopard gecko but do no damage.
The leopard gecko is severely wounded.
You closely miss the leopard gecko.
The leopard gecko is severely wounded.
The leopard gecko bites you.
You die...

#.##.########.......)....
## #.##'## #............
... #g#...# #......(...[.
.... #.#...#
#............ .....
#.#...### # #.........(..
#h..#.......#..
#############
#.K.#.g.#...# #...
#..###..h..### ###.##
.l.. #(#.....#@# #...#
#.. #'.†.(.l## ###.# #.
#...##'##...# #.# #
....'.#...#....... #.#
......#...#........ #+#
.r....#)$?#.#......
..#...#####...#.... #..#
.'##..... .#) ...g.


You could see a leopard gecko.

Vanquished Creatures
  3 adders
  An orc (D:3)
  2 goblins (D:3)
  2 jackals (D:3)
  A kobold (D:3)
  2 rats (D:3)
11 creatures vanquished.

Notes
Turn   | Place    | Note
-------+----------+-------------------------------------------
     0 | D:5      | Descartes the Felid Delver began the quest for the Orb.
     0 | D:5      | Reached XP level 1. HP: 10/10 MP: 2/2
    19 | D:5      | Reached skill level 7 in Stealth
    19 | D:5      | Reached XP level 2. HP: 14/14 MP: 3/3
    22 | D:5      | Learned a level 1 spell: Corona
   125 | D:3      | Reached skill level 8 in Stealth
   125 | D:3      | Reached XP level 3. HP: 5/17 MP: 4/4
   466 | D:3      | Noticed Grinder
   477 | D:3      | Found an opulent altar of Gozag.
   560 | D:3      | Slain by a leopard gecko

Illustrated notes

Levels and vault maps discovered:
D:3:      layout_basic, grunt_gozag_breadcrumbs,
          minmay_fractal_squares_diagonal_5, uniq_grinder
D:4:      layout_layer_cave, lemuel_doored_altar, minmay_misc_feat_square,
          tgw_trog
D:5:      layout_cave_pools, lemuel_coloured_pillars_altar,
          hangedman_decor_opposing

Skill      XL: |  1  2 |
---------------+-------+-----
Stealth        | 7 8 |  8.0
Fighting       | |  3.0
Dodging        | |  2.7
Unarmed Combat | |  2.0

Action                   || total
-------------------------++-------
Melee: Unarmed           ||    61
       Bite              ||     3
  Use: Potion            ||     2
 Stab: Sleeping          ||     1
Armor: Skin              ||     5
Dodge: Dodged            ||    55

Table legend: (Time is in decaauts)
 A = Elapsed time spent in this place.
 B = Non-inter-level travel time spent in this place.
 C = Inter-level travel time spent in this place.
 D = Time resting spent in this place.
 E = Time spent auto-exploring this place.
 F = Levels seen in this place.
 G = Mean time per level.
                   A        B        C        D        E       F      G
               +--------+--------+--------+--------+--------+-----+--------+
         Total |    528 |    528 |      0 |     32 |    320 |   3 |  176.0 |
       Dungeon |    528 |    528 |      0 |     32 |    320 |   3 |  176.0 |
               +--------+--------+--------+--------+--------+-----+--------+

Top non-repeatable levels by time:
     D:3: 485 daAuts
     D:5: 33 daAuts
     D:4: 9 daAuts
